 Dungeon Crawl Stone Soup version 0.18.1-48-g4cf74bf (webtiles) character file.

268428 Mellonil the Peltast (level 20, -1/183 HPs)
             Began as a Hill Orc Fighter on Aug 14, 2016.
             Was the Champion of Beogh.
             Killed from afar by a raiju (15 damage)
             ... with a living lightning
             ... on level 3 of the Abyss on Aug 17, 2016.
             The game lasted 06:07:57 (41791 turns).

Mellonil the Peltast (Hill Orc Fighter)            Turns: 41791, Time: 06:07:58

Health: -1/183     AC: 46    Str: 33    XL:     20   Next: 56%
Magic:  0/41       EV:  3    Int:  8    God:    Beogh [******]
Gold:   2224       SH: 24    Dex: 14    Spells: 0 memorised, 19 levels left

rFire  + + .     SeeInvis +     Q - +8 flail "Dragon's Tongue" {freeze, +Rage rF+ Stlth+}
rCold  + + +     Gourm    .     k - +0 crystal plate armour of Bedevilment {Regen+ Dex+6 SInv Stlth-}
rNeg   + . .     Faith    .     J - +5 shield {reflect}
rPois  .         Spirit   +     Y - +2 helmet
rElec  .         Dismiss  .     U - +2 cloak {rC+}
rCorr  .         Reflect  +     y - +2 pair of gloves of the Will of the Gods {*Drain rF+ MP+9 Dex+3}
SustAt .         Harm     .     a - +2 pair of boots of Dewewex {rC+ Str+5 Dex-5}
MR     +....     Clarity  +     g - amulet of guardian spirit
Stlth  ..........               K - ring of positive energy
                                V - ring of protection from cold

@: exhausted, very slightly contaminated, slowed, very slow, somewhat resistant
to hostile enchantments, extremely unstealthy
A: walk on water, berserk 2, clarity, sense surroundings 1, MP-powered wands,
sturdy frame 1
a: Smiting, Recall Orcish Followers, Give Item to Named Follower, Resurrection,
Renounce Religion, Evoke Berserk Rage
}: 1/15 runes: gossamer


You were on level 3 of the Abyss.
You worshipped Beogh.
Beogh was exalted by your worship.
You were near starving.

You visited 7 branches of the dungeon, and saw 37 of its levels.
You visited the Abyss 1 time.
You also visited: Labyrinth, Trove, Ossuary, Bailey and Ice Cave.

You collected 4146 gold pieces.
You spent 1922 gold pieces at shops.

Inventory:

Hand Weapons
 l - a +4 morningstar of distortion
 G - a +0 flail of holy wrath
 M - the +11 hand axe of Hausenwia {pain, Str+5}
   (You took it off an orc on level 9 of the Dungeon)

   In the hands of one skilled in necromantic magic, it inflicts extra damage on
   living creatures.
   It affects your strength (+5).
 Q - the +8 flail "Dragon's Tongue" (weapon) {freeze, +Rage rF+ Stlth+}
   (You found it on level 1 of the Vaults)

   It has been specially enchanted to freeze those struck by it, causing extra
   injury to most foes and up to half again as much damage against particularly
   susceptible opponents.
   It can also slow down cold-blooded creatures.
   It protects you from fire.
   It lets you go berserk.
   It makes you more stealthy.
 R - a +2 executioner's axe of electrocution
Missiles
 F - 215 sling bullets
Armour
 a - the +2 pair of boots of Dewewex (worn) {rC+ Str+5 Dex-5}
   (You found it in a treasure trove)

   It affects your strength (+5).
   It affects your dexterity (-5).
   It protects you from cold.
 c - the +6 plate armour of the Trout {*Contam rN+ Dex+3 Stlth+, unknown}
   (You bought it in a shop on level 2 of the Elven Halls)

   It affects your dexterity (+3).
   It protects you from negative energy.
   It causes magical contamination when unequipped.
   It makes you more stealthy.
 k - the +0 crystal plate armour of Bedevilment (worn) {Regen+ Dex+6 SInv Stlth-}
   (You found it in a treasure trove)

   It affects your dexterity (+6).
   It lets you see invisible.
   It increases your rate of regeneration.
   It makes you less stealthy.
 q - the +0 plate armour of the Falcon {rC+++ Dex-4 Slay+5}
   (You found it in a treasure trove)

   It affects your dexterity (-4).
   It affects your accuracy and damage with ranged weapons and melee attacks
   (+5).
   It renders you almost immune to cold.
 y - the +2 pair of gloves of the Will of the Gods (worn) {*Drain rF+ MP+9 Dex+3}
   (You acquired it on level 7 of the Dungeon)

   It affects your dexterity (+3).
   It protects you from fire.
   It affects your magic capacity (+9).
   It causes draining when unequipped.
 J - a +5 shield of reflection (worn)
 U - a +2 cloak of cold resistance (worn)
 Y - a +2 helmet (worn)
Jewellery
 g - an amulet of guardian spirit (around neck)
 o - an uncursed ring of protection from fire
 K - a ring of positive energy (right hand)
 V - a ring of protection from cold (left hand)
Wands
 w - a wand of lightning (12/15)
 B - a wand of iceblast (15/15)
 L - a wand of digging (13/24)
 O - a wand of disintegration (14/24)
Scrolls
 b - 2 scrolls of brand weapon
 j - 24 scrolls of identify
 n - a scroll of enchant armour
 p - 6 scrolls of blinking
 s - 6 scrolls of recharging
 v - 11 scrolls of remove curse
 x - 11 scrolls of teleportation
 D - a scroll of holy word
 H - 6 scrolls of magic mapping
 I - 3 scrolls of enchant weapon
 P - 4 scrolls of fear
 S - a scroll of silence
 Z - 3 scrolls of acquirement
Potions
 d - 3 potions of might
 i - 19 potions of curing
 m - 7 potions of brilliance
 t - a potion of cure mutation
 u - 3 potions of agility
 z - 3 potions of haste
 A - 2 potions of resistance
 C - 6 potions of invisibility
 E - 8 potions of berserk rage
 N - 9 potions of heal wounds
 W - a potion of magic
 X - 4 potions of flight
Comestibles
 f - 24 bread rations
 r - 18 meat rations
 T - 6 beef jerkies


   Skills:
 + Level 16.8 Fighting
 + Level 17.8 Axes
 + Level 20.1 Armour
 + Level 20.3 Shields
 + Level 16.5 Invocations


You had 19 spell levels left.
You didn't know any spells.

Dungeon Overview and Level Annotations

Branches:
Dungeon (15/15)            Temple (0/1) D:7            Lair (8/8) D:11
 Shoals (0/4) Lair:3       Spider (4/4) Lair:4        Slime (0/6) Lair:8
    Orc (2/2) D:11            Elf (3/3) Orc:2        Vaults (4/5) D:13
  Crypt (0/3) Vaults:3     Depths (1/5) D:15

Altars:
Ashenzari
Cheibriados
Dithmenos
Fedhas
Gozag
Kikubaaqudgha
Nemelex Xobeh
Okawaru
Qazlal
Ru
Sif Muna
Trog
Vehumet
Xom
Yredelemnul
Zin
Beogh

Shops:
D:5 ??**   D:8 *(%   D:15 =   Elf:1 }   Elf:2 ?[[   Depths:1 [

Portals:
Hell: Depths:1

Annotations:
Lair:3 Nergalle


Innate Abilities, Weirdness & Mutations

You can walk on water.
You often lose your temper in combat.
You possess an exceptional clarity of mind.
You passively map a small area around you.
You expend magic power (3 MP) to strengthen your wands.
Your movements are slightly less encumbered by armour (ER -2).


Message History

The raiju bursts into living lightning!
The living lightning hits you!
* * * LOW HITPOINT WARNING * * *
The raiju blinks! x2; You block the raiju's attack.
The raiju bursts into living lightning!
The living lightning misses you.
The raiju blinks!
The raiju bursts into living lightning!
The living lightning hits you!
The raiju blinks!
The raiju bursts into living lightning!
The living lightning hits you!
* * * LOW HITPOINT WARNING * * *
The living lightning hits you!
* * * LOW HITPOINT WARNING * * *
The raiju blinks!
The raiju bites you but does no damage.
Found a gateway leading deeper into the Abyss.
There is a gateway leading deeper into the Abyss here.
You block the small abomination's attack.
The raiju bursts into living lightning!
Helpless, you fail to dodge the living lightning.
You die...

........F.###.h.##
..X .
..##F.ยง.#.....#..X.
#....F... .... .
.....#..h .# .#
.....###F..# .#
.##..# ##.## .## ..
#... ##...## ...##
.X
.....#....x#.....#
.. .
......h.@.......
...#...h.#.....#
...###...###...##
..# ##.## #.## ..
... ..# ... ..# >...
. .#..


You could see a hell hog, 2 raiju, 2 blink frogs and a small abomination.

Vanquished Creatures
  Nikola (Elf:3)
  A bone dragon (Abyss:3)
  2 liches
  A tentacled starspawn (Abyss:3)
  3 sphinxes
  A fire giant (Vaults:3)
  A deep elf sorcerer (Elf:3)
  An orc warlord (Elf:2)
  3 vault wardens
  A frost giant (IceCv)
  3 ghost moths (Spider:4)
  2 ironheart preservers
  7 very ugly things
  A deep elf annihilator (Elf:3)
  An ettin (Vaults:3)
  A jiangshi (Vaults:3)
  A fire dragon (Vaults:2)
  A yaktaur captain (Vaults:1)
  A minotaur (Lab)
  4 vault guards
  3 great orbs of eyes
  Harold (Lair:3)
  An entropy weaver (Spider:2)
  2 catoblepae (Lair:8)
  A rakshasa (Depths:1)
  A centaur warrior (Vaults:2)
  2 hydras
  4 ogre magi
  6 death yaks
  6 dancing weapons
  3 tengu warriors
  A deep troll earth mage (Vaults:4)
  A thrashing horror (Abyss:3)
  7 deep elf knights
  A fire crab (shapeshifter) (Vaults:1)
  3 unseen horrors
  A giant orange brain (Vaults:1)
  A deep elf archer (Elf:1)
  4 hill giants
  3 ironbrand convokers (Vaults:3)
  2 orc knights
  6 orb spiders
  15 deep elf magi
  A manticore (shapeshifter) (Depths:1)
  A griffon (Vaults:2)
  A hornet (Spider:4)
  14 ugly things
  A moth of wrath (Spider:4)
  2 oklob plants (Spider:2)
  17 wolf spiders
  A salamander (Depths:1)
  3 elephants (Lair:5)
  5 vault sentinels
  A black mamba (Lair:4)
  A smoke demon (Depths:1)
  An ice statue (IceCv)
  A stone giant skeleton (Vaults:1)
  6 gargoyles
  10 spiny frogs
  2 kobold demonologists
  5 demonic crawlers
  6 komodo dragons
  5 yaktaurs (Vaults:4)
  A redback zombie (Vaults:1)
  A hellwing (Depths:1)
  A merfolk (D:9)
  10 jumping spiders
  11 polar bears (IceCv)
  6 blink frogs
  6 two-headed ogres
  4 slime creatures (D:15)
  4 trolls
  A small abomination (Abyss:3)
  A boulder beetle (Vaults:4)
  An air elemental (Elf:3)
  5 wyverns
  29 redbacks
  14 tarantellas
  3 water elementals
  A spriggan (Lair:7)
  A vampire (D:8)
  A wraith (D:14)
  A hog (shapeshifter) (D:15)
  2 fire elementals
  2 vampire mosquitoes (Vaults:2)
  2 basilisks (Lair:8)
  A steam dragon (D:8)
  41 yaks
  A hungry ghost (D:8)
  9 humans (D:13)
  5 hippogriffs
  2 wargs (Orc:1)
  14 water moccasins
  A hell hound (shapeshifter) (Vaults:2)
  4 insubstantial wisps (Abyss:3)
  6 porcupines
  7 orc warriors
  4 ice beasts
  8 sky beasts
  A human skeleton (Vaults:1)
  3 phantoms
  A wasp (D:12)
  An eye of draining (shapeshifter) (D:15)
  17 ogres
  5 boggarts
  20 wolves
  10 centaurs
  9 crocodiles
  2 big kobolds (D:9)
  15 giant frogs
  A wyvern zombie (Ossuary)
  A water moccasin zombie (Ossuary)
  A scorpion (D:9)
  8 killer bees
  6 wights
  An electric eel (Spider:3)
  3 howler monkeys
  2 lava snakes (D:11)
  6 crimson imps
  6 bog bodies (Ossuary)
  2 centaur zombies (Ossuary)
  A giant frog zombie (Ossuary)
  2 giant frog skeletons
  3 centaur skeletons
  3 hounds
  5 jellies
  3 orc priests
  9 orc wizards
  7 iguanas
  10 worker ants
  5 hell rats (Lair:8)
  A killer bee zombie (D:10)
  4 sheep
  A hound zombie (Ossuary)
  4 mummies (Ossuary)
  A hound skeleton (D:4)
  A howler monkey skeleton (D:4)
  A howler monkey zombie (Ossuary)
  6 worker ant zombies
  15 adders
  46 river rats
  5 shadow imps
  4 oozes
  An adder zombie (Ossuary)
  A worm (shapeshifter) (Depths:1)
  2 dart slugs
  9 giant geckos
  31 orcs
  7 giant cockroaches
  12 hobgoblins
  6 jackals
  3 quokkas
  4 ball pythons
  10 bats
  A giant cockroach zombie (Ossuary)
  A giant gecko skeleton (D:7)
  A giant gecko zombie (Ossuary)
  7 giant newts
  4 goblins
  2 jackal zombies (Ossuary)
  11 kobolds
  4 quokka zombies
  6 rats
  6 fungi
794 creatures vanquished.

Vanquished Creatures (collateral kills)
  Norris (D:13)
  A lich (Vaults:4)
  Rupert (Lair:3)
  2 deep elf blademasters
  A shadow dragon (Vaults:3)
  The ghost of Xoff the Warrior, an adept MiFi of Okawaru (Depths:1)
  A storm dragon (Vaults:3)
  5 deep elf sorcerers
  5 fire giants
  Donald (D:13)
  8 emperor scorpions
  2 frost giants (Depths:1)
  Maud (Lair:5)
  An orc warlord (Orc:1)
  5 vault wardens
  16 very ugly things
  8 ironheart preservers
  9 stone giants
  The ghost of ThereIsNoGod the Severer, a journeyman MiGl of Makhleb (Lair:6)
  3 deep elf annihilators
  A vampire knight (Vaults:3)
  2 deep elf demonologists
  3 spark wasps
  A purple draconian (Vaults:1)
  The ghost of Lovchig the Peltast, a journeyman MiFi of Nemelex Xobeh (D:15)
  5 ettins
  7 vault guards
  Fannar (Lair:3)
  4 fire dragons
  6 yaktaur captains
  3 ice dragons
  The ghost of sarahorange the Ducker, a journeyman DsFi of Okawaru (IceCv)
  7 entropy weavers
  6 hydras
  5 centaur warriors
  7 ogre magi
  A catoblepas (Lair:8)
  A death knight (Vaults:1)
  10 death yaks
  15 dancing weapons
  Urug (Lair:3)
  A tengu warrior (D:13)
  2 deep troll earth magi (Depths:1)
  A vampire mage (Vaults:3)
  An orc high priest (Elf:2)
  8 deep elf knights
  2 fire crabs (Vaults:2)
  A shadow wraith (Vaults:2)
  2 giant orange brains
  A wizard (Vaults:1)
  6 deep trolls
  8 hill giants
  2 flayed ghosts
  2 necromancers
  7 deep elf archers
  5 ironbrand convokers
  21 deep elf magi
  2 orc sorcerers
  2 manticores
  A phantasmal warrior (Vaults:3)
  3 orc knights
  8 griffons
  5 cyclopes
  A salamander (shapeshifter) (Vaults:2)
  28 wolf spiders
  17 orb spiders
  8 hornets
  28 ugly things
  A stone giant zombie (Vaults:1)
  3 elephants (Lair:5)
  5 vault sentinels
  A stone giant skeleton (Vaults:1)
  2 torpor snails (Spider:1)
  A molten gargoyle (D:15)
  4 black mambas
  9 spiny frogs
  33 jumping spiders
  6 komodo dragons
  A rime drake (shapeshifter) (D:15)
  2 rime drakes
  5 freezing wraiths
  3 kobold demonologists (D:15)
  7 demonic crawlers
  A red devil (Depths:1)
  14 yaktaurs
  4 polar bears
  A jumping spider (shapeshifter) (D:15)
  7 blink frogs
  2 trolls
  16 two-headed ogres
  A wind drake (shapeshifter) (D:15)
  5 slime creatures
  4 boulder beetles
  2 air elementals
  55 redbacks
  3 wyverns
  A shadow (D:15)
  2 wraiths
  A spriggan (Lair:1)
  14 yaks
  24 tarantellas
  A tarantella (shapeshifter) (Elf:2)
  3 water elementals (Depths:1)
  A basilisk (Lair:5)
  7 humans (D:13)
  A human (shapeshifter) (Depths:1)
  2 hippogriffs (Lair:3)
  9 vampire mosquitoes (Vaults:2)
  2 mottled dragons
  4 wargs (Orc:1)
  6 water moccasins
  2 porcupines (Lair:7)
  2 ice beasts (D:14)
  A wasp (Lair:7)
  7 orc warriors
  An eye of draining (shapeshifter) (D:15)
  20 ogres
  9 wolves
  7 boggarts
  3 centaurs (Vaults:3)
  5 crocodiles
  3 big kobolds
  6 giant frogs
  An electric eel (Spider:3)
  2 wights (D:13)
  A crimson imp (D:15)
  A hound (Lair:1)
  2 jellies
  An orc wizard (Vaults:2)
  2 hell rats (Lair:8)
  15 sheep
  37 river rats
  A shadow imp (D:13)
  4 oozes (Lair:8)
  6 orcs
  7 kobolds
  A giant gecko zombie (D:10)
  6 fungi
  2 plants
765 creatures vanquished.

Vanquished Creatures (others)
  6 orc warlords
  A vault warden (Vaults:1)
  A fire giant (Vaults:4)
  2 deep elf elementalists (Elf:3)
  2 deep elf annihilators (Elf:3)
  A yaktaur captain (Vaults:2)
  An ice dragon (Vaults:1)
  An ogre mage (Vaults:2)
  A tengu warrior (D:15)
  Nergalle (Lair:3)
  A deep elf archer (Elf:2)
  12 orc knights
  A deep elf mage (Elf:2)
  An ugly thing (Vaults:1)
  2 orc sorcerers
  4 yaktaurs
  9 orc priests
  A two-headed ogre (Vaults:2)
  12 orc warriors
  A yak (Lair:8)
  A small abomination (Abyss:3)
  An earth elemental (Elf:1)
  5 orc wizards
  32 orcs
  A bush (D:9)
  14 fungi
  A lurking horror (Abyss:3)
  8 plants
  2 starspawn tentacles (Abyss:3)
  38 starspawn tentacle segments (Abyss:3)
  A withered plant (Ossuary)
165 creatures vanquished.

Grand Total: 1724 creatures vanquished

Notes
Turn   | Place    | Note
--------------------------------------------------------------
     0 | D:1      | Mellonil the Hill Orc Fighter began the quest for the Orb.
     0 | D:1      | Reached XP level 1. HP: 19/19 MP: 1/1
   296 | D:1      | Reached XP level 2. HP: 23/27 MP: 2/2
   578 | D:1      | Reached XP level 3. HP: 33/33 MP: 3/3
  1153 | D:2      | Found an iron altar of Okawaru.
  1153 | D:2      | Found a basalt altar of Yredelemnul.
  1181 | D:2      | Found a glowing silver altar of Zin.
  1333 | D:2      | Reached XP level 4. HP: 40/40 MP: 4/4
  2779 | D:3      | Reached XP level 5. HP: 39/46 MP: 5/5
  3251 | D:4      | Noticed a water moccasin
  3271 | D:4      | Killed a water moccasin
  3271 | D:4      | Reached skill level 5 in Armour
  3271 | D:4      | Reached skill level 5 in Shields
  3271 | D:4      | Reached XP level 6. HP: 13/53 MP: 6/6
  3440 | D:4      | Noticed a phantom
  3467 | D:4      | Killed a phantom
  3626 | D:4      | Reached XP level 7. HP: 40/60 MP: 7/7
  3982 | D:4      | Reached skill level 5 in Fighting
  4066 | D:5      | Entered Level 5 of the Dungeon
  4103 | D:5      | Found Voph's Magic Scroll Shop.
  4117 | D:5      | Bought a scroll of identify for 28 gold pieces
  4117 | D:5      | Bought a scroll of remove curse for 42 gold pieces
  4117 | D:5      | Bought a scroll of enchant armour for 105 gold pieces
  4117 | D:5      | Bought a scroll of noise for 14 gold pieces
  4208 | D:5      | Found Jamy's General Store.
  4254 | D:5      | Found Zare's General Store.
  4298 | D:5      | Found an ancient bone altar of Kikubaaqudgha.
  4317 | D:5      | Found a deep blue altar of Sif Muna.
  4319 | D:5      | Found a radiant altar of Vehumet.
  4324 | D:5      | Identified Sif Muna's Collected Works on Transmutation
  4467 | D:5      | Found a shattered altar of Ashenzari.
  4469 | D:5      | Found a stormy altar of Qazlal.
  4469 | D:5      | Found a sparkling altar of Nemelex Xobeh.
  4543 | D:5      | Found Parohama's Magic Scroll Boutique.
  4593 | D:5      | Found a shadowy altar of Dithmenos.
  4661 | D:5      | Found a sand-covered staircase.
  4670 | Ossuary  | Entered an ossuary
  4752 | Ossuary  | Reached XP level 8. HP: 60/68 MP: 8/8
  4770 | Ossuary  | Reached skill level 5 in Axes
  5691 | D:5      | Became a worshipper of Beogh the Brigand
  5986 | D:6      | Reached XP level 9. HP: 13/75 MP: 2/9
  6281 | D:6      | Found an opulent altar of Gozag.
  7011 | D:7      | Found a sacrificial altar of Ru.
  7043 | D:7      | Reached skill level 1 in Invocations
  7371 | D:7      | Identified a scroll of acquirement
  7374 | D:7      | Got a pair of blackened gloves
  7380 | D:7      | Identified the +2 pair of gloves of the Will of the Gods {*Drain rF+ MP+9 Dex+3} (You acquired it on level 7 of the Dungeon)
  7596 | D:7      | Reached * piety under Beogh
  7731 | D:7      | Found a radiant altar of Vehumet.
  8179 | D:7      | Found a staircase to the Ecumenical Temple.
  8281 | D:8      | Found Noryobb's Antique Weapon Boutique.
  8291 | D:8      | Found Apext's Food Emporium.
  8307 | D:8      | Reached XP level 10. HP: 86/86 MP: 12/12
  8352 | D:8      | Found a bloodstained altar of Trog.
  9261 | D:8      | Found Xaxzaqext's Assorted Antiques.
  9282 | D:8      | Reached ** piety under Beogh
  9290 | D:8      | Bought a pair of glowing boots for 117 gold pieces
  9839 | D:9      | Reached skill level 10 in Armour
  9864 | D:9      | Reached skill level 10 in Shields
  9895 | D:9      | Reached skill level 5 in Invocations
  9998 | D:9      | Found a snail-covered altar of Cheibriados.
 10369 | D:9      | Noticed a white ugly thing
 10385 | D:9      | Killed a white ugly thing
 10385 | D:9      | Reached XP level 11. HP: 71/95 MP: 15/15
 10838 | D:9      | Found a blossoming altar of Fedhas.
 10901 | D:10     | Entered Level 10 of the Dungeon
 10905 | D:10     | Noticed a hill giant
 10985 | D:9      | Killed a hill giant
 11002 | D:9      | Reached *** piety under Beogh
 11015 | D:9      | Got a faintly glowing hand axe {pain}
 11016 | D:9      | Identified the +11 hand axe of Hausenwia {pain, Str+5} (You took it off an orc on level 9 of the Dungeon)
 11589 | D:10     | Noticed a hill giant
 11601 | D:10     | Killed a hill giant
 11914 | D:10     | Noticed a tengu warrior
 11917 | D:10     | Noticed a tengu warrior
 11920 | D:10     | Noticed a hill giant
 11958 | D:10     | Killed a hill giant
 11961 | D:10     | Killed a tengu warrior
 11980 | D:10     | Killed a tengu warrior
 12299 | D:11     | Found a staircase to the Lair.
 12315 | D:11     | Found a staircase to the Orcish Mines.
 12325 | D:11     | Reached skill level 10 in Axes
 12541 | D:11     | Reached **** piety under Beogh
 12637 | D:11     | Noticed a hill giant
 12643 | D:11     | Killed a hill giant
 12643 | D:11     | Reached XP level 12. HP: 80/106 MP: 17/17
 12789 | D:11     | Gained Orkrul as an ally
 13178 | Lair:1   | Entered Level 1 of the Lair of Beasts
 14047 | Lair:2   | Noticed a five-headed hydra
 14055 | Lair:2   | Killed a ten-headed hydra
 14055 | Lair:2   | Reached skill level 10 in Fighting
 14285 | Lair:2   | Noticed a four-headed hydra
 14293 | Lair:2   | Killed a six-headed hydra
 14293 | Lair:2   | Reached ***** piety under Beogh
 15023 | Lair:3   | Noticed Harold
 15036 | Lair:3   | Killed Harold
 15055 | Lair:3   | Found a staircase to the Shoals.
 15216 | Lair:3   | Noticed Urug
 15233 | Lair:3   | Killed Urug
 15432 | Lair:3   | Noticed Nergalle
 15482 | Lair:3   | Noticed Rupert
 15487 | Lair:3   | Noticed Fannar
 15497 | Lair:3   | Killed Fannar
 15497 | Lair:3   | Your ally died
 15504 | Lair:3   | Killed Rupert
 15605 | Lair:3   | Reached XP level 13. HP: 108/114 MP: 19/19
 16416 | Lair:4   | Found a hole to the Spider Nest.
 16855 | Lair:4   | Gained Morguth as an ally
 17220 | Lair:4   | Gained mutation: Your magical capacity is low (-10% MP). [potion of mutation]
 17220 | Lair:4   | Gained mutation: You tend to lose your temper in combat. [potion of mutation]
 17220 | Lair:4   | Gained mutation: You possess an exceptional clarity of mind. [potion of mutation]
 17221 | Lair:4   | Gained mutation: You often lose your temper in combat. [potion of mutation]
 17221 | Lair:4   | Gained mutation: Your movements are slightly less encumbered by armour (ER -2). [potion of mutation]
 17221 | Lair:4   | Gained mutation: You expend magic power (3 MP) to strengthen your wands. [potion of mutation]
 17385 | Lair:5   | Noticed Maud
 17394 | Lair:5   | Killed Maud
 17982 | Lair:5   | Found a shimmering altar of Xom.
 18054 | Lair:5   | Reached skill level 10 in Invocations
 18167 | Lair:5   | Reached ****** piety under Beogh
 18825 | Lair:6   | Noticed ThereIsNoGod's ghost (journeyman MiGl)
 18847 | Lair:6   | Killed ThereIsNoGod's ghost
 19694 | Lair:7   | Reached XP level 14. HP: 111/125 MP: 19/19
 19704 | Lair:7   | Gained Argrim as an ally
 20479 | Lair:8   | Entered Level 8 of the Lair of Beasts
 21061 | Lair:8   | Found a staircase to the Slime Pits.
 22975 | D:12     | Found a shimmering altar of Xom.
 23391 | D:13     | Found a gate to the Vaults.
 23391 | D:13     | Noticed Norris
 23391 | D:13     | Noticed Donald
 23404 | D:13     | Reached skill level 15 in Armour
 23410 | D:13     | Killed Norris
 23410 | D:13     | Reached skill level 15 in Shields
 23417 | D:13     | Reached XP level 15. HP: 85/134 MP: 20/21
 23417 | D:13     | Killed Donald
 23667 | D:13     | Found a labyrinth entrance.
 23695 | Lab      | Entered a labyrinth
 24452 | Lab      | Identified the Handbook of Transformation and Intoxication (You found it in a labyrinth)
 24452 | Lab      | Got a clouded emerald amulet
 24459 | Lab      | Got a smoking spear
 24513 | D:13     | Identified the cursed +2 spear of Chaos {pierce, +Blink rC++ Str+3} (You found it in a labyrinth)
 24791 | D:13     | Found a portal to a secret trove of treasure.
 24814 | D:13     | Identified the amulet of Kinge {Faith rF- Dex+2 SInv} (You found it in a labyrinth)
 24827 | D:13     | You paid a toll of 2 scrolls of acquirement to enter a treasure trove
 24828 | Trove    | Entered a treasure trove
 24843 | Trove    | Got a pair of bloodstained boots
 24851 | Trove    | Got a spiked crystal plate armour
 24853 | Trove    | Got a smoking plate armour
 24863 | Trove    | Got a blackened chain mail
 24868 | Trove    | Got a steaming scale mail
 24881 | Trove    | Identified the +2 pair of boots of Dewewex {rC+ Str+5 Dex-5} (You found it in a treasure trove)
 24891 | Trove    | Identified the +0 crystal plate armour of Bedevilment {Regen+ Dex+6 SInv Stlth-} (You found it in a treasure trove)
 24911 | Trove    | Identified the +0 plate armour of the Falcon {rC+++ Dex-4 Slay+5} (You found it in a treasure trove)
 24921 | Trove    | Identified the +5 chain mail of Minor Irritation {+Inv +Fly rN+++ Int-2} (You found it in a treasure trove)
 24931 | Trove    | Identified the +1 scale mail "Acrugrom" {-Tele rF+++ rC+ MP+9} (You found it in a treasure trove)
 25490 | D:14     | Found an opulent altar of Gozag.
 25857 | D:15     | Entered Level 15 of the Dungeon
 25906 | D:15     | Noticed Lovchig's ghost (journeyman MiFi)
 25914 | D:15     | Killed Lovchig's ghost
 25985 | D:15     | Found a frozen archway.
 25994 | IceCv    | Entered an ice cave
 26028 | IceCv    | Gained mutation: You passively map a small area around you. [potion of beneficial mutation]
 26142 | IceCv    | Lost mutation: Your magical capacity is low (-10% MP). [potion of beneficial mutation]
 26305 | IceCv    | Gained Zorug as an ally
 26339 | IceCv    | Noticed a frost giant
 26343 | IceCv    | Noticed sarahorange's ghost (journeyman DsFi)
 26355 | IceCv    | Killed a frost giant
 26407 | IceCv    | Killed sarahorange's ghost
 26814 | D:15     | Found Ogeomodgh's Jewellery Boutique.
 27161 | D:15     | Found a staircase to the Depths.
 27379 | Spider:1 | Entered Level 1 of the Spider Nest
 27394 | Spider:1 | Your ally Zorug died
 27408 | Spider:1 | Gained Bogdan as an ally
 27573 | Spider:1 | Reached XP level 16. HP: 134/144 MP: 25/25
 30218 | Spider:4 | Entered Level 4 of the Spider Nest
 30320 | Spider:4 | Reached XP level 17. HP: 150/152 MP: 27/27
 30325 | Spider:4 | Reached skill level 15 in Axes
 31025 | Spider:4 | Got a gossamer rune of Zot
 31443 | Vaults:1 | Entered Level 1 of the Vaults
 32443 | Vaults:1 | Identified the Reference Book on the Birds and Fire
 32914 | Vaults:1 | Reached XP level 18. HP: 161/161 MP: 28/28
 32948 | Vaults:1 | Got an ichor-stained flail
 33320 | Vaults:1 | Identified the +8 flail "Dragon's Tongue" {freeze, +Rage rF+ Stlth+} (You found it on level 1 of the Vaults)
 33515 | Vaults:2 | Noticed a lich
 33548 | Vaults:2 | Killed a lich
 33568 | Vaults:2 | Your ally Argrim died
 33691 | Vaults:2 | Got a spiked cloak
 33702 | Vaults:2 | Identified the +1 cloak of the Wheelwright {*Corrode Regen+ Dex-3 Stlth+} (You found it on level 2 of the Vaults)
 34036 | Vaults:2 | Reached skill level 15 in Fighting
 34380 | Vaults:3 | Your ally Orkrul died
 34567 | Vaults:3 | Gained Olfrun as an ally
 34856 | Vaults:3 | Found a staircase to the Crypt.
 34860 | Vaults:3 | Your ally Olfrun died
 34876 | Vaults:3 | Gained Hawl as an ally
 35025 | Vaults:3 | Reached skill level 15 in Invocations
 35587 | Vaults:3 | Noticed a Hell Sentinel
 36294 | Vaults:4 | Reached XP level 19. HP: 172/172 MP: 30/30
 36303 | Vaults:4 | Noticed a lich
 36309 | Vaults:4 | Paralysed by a lich for 7 turns
 36309 | Vaults:4 | Killed a lich
 37261 | Vaults:4 | Paralysed by a sphinx for 2 turns
 37475 | Vaults:4 | Your ally Bogdan died
 37821 | Depths:1 | Entered Level 1 of the Depths
 37831 | Depths:1 | Paralysed by a great orb of eyes for 5 turns
 37856 | Depths:1 | Noticed Xoff's ghost (adept MiFi)
 37856 | Depths:1 | Your ally Hawl died
 37871 | Depths:1 | Killed Xoff's ghost
 37871 | Depths:1 | Gained Urtork as an ally
 37932 | Depths:1 | Gained Bogmar as an ally
 38031 | Depths:1 | Found Kullem's Antique Armour Boutique.
 38047 | Depths:1 | Your ally Bogmar died
 38562 | Depths:1 | Found a gateway to Hell.
 38757 | Orc:1    | Entered Level 1 of the Orcish Mines
 38758 | Orc:1    | Gained Borgoth as an ally
 38768 | Orc:1    | Gained Oruk as an ally
 38853 | Orc:1    | Gained Brandogh as an ally
 38857 | Orc:1    | Found a roughly hewn altar of Beogh.
 38897 | Orc:1    | Found a flagged portal.
 38901 | Orc:1    | Your ally Borgoth died
 38914 | Bailey   | Entered a bailey
 39422 | Orc:2    | Entered Level 2 of the Orcish Mines
 39437 | Orc:2    | Found a staircase to the Elven Halls.
 39458 | Elf:1    | Entered Level 1 of the Elven Halls
 39468 | Elf:1    | Your ally Oruk died
 39669 | Elf:1    | Found Bewi's Gadget Shoppe.
 40276 | Elf:2    | Reached XP level 20. HP: 176/182 MP: 32/32
 40358 | Elf:2    | Found Owalem's Magic Scroll Boutique.
 40364 | Elf:2    | Bought a scroll of acquirement for 832 gold pieces
 40531 | Elf:2    | Found Joucoucs's Antique Armour Shoppe.
 40542 | Elf:2    | Bought an aquamarine-encrusted plate armour for 784 gold pieces
 40570 | Elf:2    | Gained Wargath as an ally
 40595 | Elf:2    | Found a huge runed gate.
 40595 | Elf:2    | Found a huge runed gate.
 40595 | Elf:2    | Found a huge runed gate.
 40597 | Elf:2    | Found a huge runed gate.
 40598 | Elf:2    | Found a huge runed gate.
 40631 | Elf:2    | Found Suotum's Antique Armour Shop.
 40765 | Elf:2    | Gained Rocco as an ally
 41201 | Elf:3    | Entered Level 3 of the Elven Halls
 41310 | Elf:3    | Noticed Nikola
 41321 | Elf:3    | Killed Nikola
 41518 | Elf:3    | Your ally Oruk died
 41529 | Elf:3    | Noticed a Tzitzimitl
 41555 | Elf:3    | Your ally Wargath died
 41560 | Elf:3    | Your ally Morguth died
 41563 | Elf:3    | Your ally Rocco died
 41567 | Elf:3    | Your ally Urtork died
 41599 | Elf:3    | Cast into level 3 of the Abyss (a deep elf sorcerer)
 41662 | Abyss:3  | Noticed a bone dragon
 41695 | Abyss:3  | Killed a bone dragon
 41757 | Abyss:3  | Noticed a lich
 41779 | Abyss:3  | Killed a lich
 41791 | Abyss:3  | Killed from afar by a raiju

Skill      XL: |  1  2  3  4  5  6  7  8  9 10 11 12 13 14 15 16 17 18 19 20 |
---------------+-------------------------------------------------------------+-----
Axes           | 3 4 6 7 9 10 11 12 13 14 15 16 17 | 17.8
Shields        | 4 5 6 7 9 10 11 12 13 15 16 17 18 19 20 | 20.3
Fighting       | 4 5 6 7 8 9 10 11 12 13 14 15 16 | 16.8
Armour         | 4 5 6 8 9 10 11 12 13 15 16 17 18 19 20 | 20.1
Invocations    | 3 5 7 9 10 11 12 13 14 15 16 | 16.5

Action                   |  1- 3 |  4- 6 |  7- 9 | 10-12 | 13-15 | 16-18 | 19-21 || total
-------------------------+-------+-------+-------+-------+-------+-------+-------++-------
Melee: War axe           |   103 |   176 |   481 |   349 |       |       |       ||  1109
       Hand axe          |       |       |       |   347 |   730 |       |       ||  1077
       Morningstar       |       |       |       |       |   447 |   728 |       ||  1175
       Flail             |       |       |       |       |       |   301 |   638 ||   939
Invok: Convert to Beogh  |       |       |     1 |       |       |       |       ||     1
       Give Item to Name |       |       |       |       |     5 |       |       ||     5
       Recall Orcish Fol |       |       |       |       |     2 |     8 |     2 ||    12
       Resurrection      |       |       |       |       |       |       |     1 ||     1
  Use: Potion            |       |     2 |       |       |    13 |     1 |     2 ||    18
       Scroll            |       |       |    13 |     2 |    27 |     9 |     3 ||    54
 Stab: Paralysed         |       |       |     1 |       |       |       |       ||     1
       Distracted        |       |       |       |     1 |    10 |    16 |     6 ||    33
  Eat: Chunk             |     1 |     7 |    11 |    18 |    30 |    21 |     8 ||    96
       Pizza             |       |     1 |       |       |     2 |       |       ||     3
       Fruit             |       |       |     3 |       |     4 |    12 |     5 ||    24
       Royal jelly       |       |       |     1 |       |       |       |     2 ||     3
       Beef jerky        |       |       |       |     2 |     1 |       |     1 ||     4
       Meat ration       |       |       |       |     1 |       |       |       ||     1
Armor: Scale mail        |    49 |    98 |   192 |   285 |   204 |       |       ||   828
       Crystal plate arm |       |       |       |       |   357 |   660 |   338 ||  1355
Dodge: Dodged            |    28 |    51 |   159 |   129 |   251 |   215 |   110 ||   943
Block: Shield            |    59 |    80 |   268 |   400 |   966 |  1255 |   720 ||  3748
       Reflection        |       |       |       |       |    19 |    37 |    64 ||   120
